 Dungeon Crawl Stone Soup version 0.30-a0-374-g95c0257040 (webtiles) character file.

Game seed: 12575351278241036425

5625 flotson the Trooper (level 10, -4/67 (71) HPs)
             Began as a Demonspawn Delver on Nov 26, 2022.
             Was a Believer of Hepliaklqana.
             Slain by a wight
             ... wielding a +2 morningstar
              (14 damage)
             ... on level 9 of the Dungeon.
             The game lasted 00:16:38 (7851 turns).

flotson the Trooper (Demonspawn Delver)             Turns: 7851, Time: 00:16:39

HP:   -4/67 (71)    AC: 14    Str: 17    XL:     10   Next: 46%
MP:   13/13         EV: 12    Int: 12    God:    Hepliaklqana [**....]
Gold: 341           SH:  0    Dex: 14    Spells: 9/9 levels left

rFire   . . .      SeeInvis .    b - +3 glaive (flame)
rCold   . . .      Faith    .    (shield currently unavailable)
rNeg    . . .      Spirit   .    L - +2 scale mail {Will+}
rPois   .          Reflect  .    (helmet restricted)
rElec   .          Harm     .    (no cloak)
rCorr   .          Rampage  .    B - +0 pair of gloves
Will    +....                    (no boots)
Stlth   +.........               E - amulet of regeneration
HPRegen 1.11/turn                A - +4 ring of protection
MPRegen 0.13/turn                (no ring)

@: drained
A: reduced essence, hooves 1, horns 2, powered by pain 1, demonic touch 1
a: Renounce Religion, Recall Ancestor, Ancestor Identity


You were on level 9 of the Dungeon.
You worshipped Hepliaklqana.
Hepliaklqana was pleased with you.
You visited 2 branches of the dungeon, and saw 10 of its levels.

You collected 569 gold pieces.
You spent 228 gold pieces at shops.

Inventory:

Hand Weapons
 a - a +0 vorpal war axe
 b - a +3 glaive of flaming (weapon)
 Q - a +1 whip of draining
Missiles
 j - 12 poisoned darts (quivered)
 F - 3 silver boomerangs
 K - 4 silver javelins
 P - a boomerang
 R - 2 boomerangs of dispersal
Armour
 B - a +0 pair of gloves (worn)
 L - a +2 scale mail of willpower (worn)
 O - a +2 ring mail of cold resistance
Jewellery
 u - an amulet of reflection
 A - a +4 ring of protection (left hand)
 E - an amulet of regeneration (around neck)
Wands
 g - a wand of digging (3)
 w - a wand of polymorph (3)
 y - a wand of paralysis (21)
 D - a wand of mindburst (1)
 I - a wand of flame (32)
 J - a wand of acid (10)
Scrolls
 c - 4 scrolls of fog
 d - 3 scrolls of magic mapping
 e - 3 scrolls of fear
 k - a scroll of enchant armour {unknown}
 l - 4 scrolls of teleportation {unknown}
 m - 10 scrolls of identify {unknown}
 t - 2 scrolls of vulnerability {unknown}
 x - 3 scrolls of poison {unknown}
 C - a scroll of torment {unknown}
 G - a scroll of immolation {unknown}
 H - a scroll of noise {unknown}
 M - a scroll of silence {unknown}
Potions
 f - 2 potions of haste
 h - a potion of magic {unknown}
 i - a potion of flight {unknown}
 n - 6 potions of curing
 o - 3 potions of mutation {unknown}
 p - 3 potions of berserk rage {unknown}
 q - 2 potions of ambrosia {unknown}
 r - 3 potions of attraction {unknown}
 s - 4 potions of lignification {unknown}
 v - 2 potions of might {unknown}
 z - 4 potions of invisibility {unknown}
 N - 4 potions of heal wounds {unknown}


   Skills:
 + Level 7.1 Fighting
 + Level 5.2(5.4) Axes
 - Level 1.7(3.7) Polearms
 + Level 5.5 Throwing
 + Level 5.6 Armour
 + Level 6.0 Dodging
 - Level 4.5 Stealth
 + Level 4.4 Invocations
 + Level 6.1 Evocations


You had 9 spell levels left.
You didn't know any spells.
Your spell library contained the following spells:

 Spells                   Type           Power      Damage    Failure   Level
 Necrotise                Necr           0%         1d4       71%         1
 Vampiric Draining        Necr           0%         2d6       97%         3
 Agony                    Necr           0%         N/A       100%        5


Dungeon Overview and Level Annotations

Branches:
Dungeon (9/15)             Temple (1/1) D:4             Orc (0/2) D:9
   Lair: D:8-11

Altars:
Ashenzari
Dithmenos
Gozag
Hepliaklqana
Makhleb
Nemelex Xobeh
Okawaru
Qazlal
Ru
Sif Muna
Trog
Uskayaw
Vehumet
Wu Jian
Xom
Yredelemnul

Shops:
D:1 (   D:2 *!!*!


Innate Abilities, Weirdness & Mutations

Your life essence is reduced to manifest your ancestor. (-10% HP)
You have large cloven feet.
You have a pair of horns on your head.
You sometimes gain a little power by taking damage.
Your touch may inflict minor irresistible damage on your foes.


Message History

The wight hits you from afar with a +0 trident.
The wight hits you with a +3 long sword!
You feel drained. The wight misses you.
Unknown command.
You barely miss the wight. You kick the wight, but do no damage.
The wight is severely damaged.
The wight hits you from afar with a +0 trident!
You feel drained.
Unknown command.
You hit the wight. You burn the wight.
You destroy the wight!
The wight barely misses you.
The wight hits you with a +2 morningstar.
The wight hits you from afar with a +0 trident!
The wight hits you with a +2 morningstar.
Unknown command.
You are too injured to fight recklessly!
Unknown command.
You are too injured to fight recklessly!
You are too injured to fight recklessly!
Unknown command.
Unknown command.
You are too injured to fight recklessly!
You hit the wight but do no damage. Your kick misses the wight.
The wight barely misses you.
The wight hits you with a +2 morningstar!
* * * LOW HITPOINT WARNING * * *
You feel drained.
* * * LOW HITPOINT WARNING * * *
You hit the wight. You burn the wight.
The wight is moderately damaged.
The wight barely misses you.
The wight hits you with a +2 morningstar!
* * * LOW HITPOINT WARNING * * *
The wight hits you from afar with a +0 trident.
* * * LOW HITPOINT WARNING * * *
The wight hits you but does no damage. The wight closely misses you.
The wight hits you with a +2 morningstar!
You die...

#.........
#.........
#.........
#.........
#.......z.
#......z..
#z........ ..
#z##### #'#
#.@...# ..
#####.###### .
####.......# ###
#....>...)...#
#..
######....)..#
####..
#.......###.....
#......))...##..
#.......########
#.......# #


You could see 2 wights.

Vanquished Creatures
  2 two-headed ogres (D:9)
  Maggie (D:7)
  A hornet (D:9)
  Grinder (D:3)
  Sigmund (D:6)
  A vampire (D:8)
  A steam dragon (D:9)
  2 water moccasins
  A sky beast (D:5)
  4 orc warriors
  3 black bears
  An ice beast (D:7)
  2 ogres
  2 centaurs
  A phantom (D:4)
  2 bullfrogs
  4 necrophages
  2 scorpions
  2 wights (D:9)
  2 howler monkeys (D:9)
  2 hounds
  2 jellies
  6 orc priests
  An iguana (D:5)
  4 orc wizards
  3 gnolls
  4 adders
  3 white imps
  2 ufetubi
  6 dart slugs
  45 orcs
  10 endoplasms
  12 giant cockroaches
  4 hobgoblins
  2 jackals (D:4)
  A quokka (D:2)
  5 ball pythons
  4 bats
  8 goblins
  9 kobolds
  6 rats
175 creatures vanquished.

Vanquished Creatures (collateral kills)
  An unseen horror (D:7)
  A wraith (D:9)
  A centaur (D:8)
  A howler monkey (D:9)
  An orc priest (D:9)
  An orc wizard (D:9)
  6 orcs
12 creatures vanquished.

Vanquished Creatures (others)
  3 hexers (D:9)
  4 plants (D:5)
7 creatures vanquished.

Grand Total: 194 creatures vanquished

Notes
Turn   | Place    | Note
-------+----------+-------------------------------------------
     0 | D:5      | flotson the Demonspawn Delver began the quest for the Orb.
     0 | D:5      | Reached XP level 1. HP: 18/18 MP: 1/1
    44 | D:5      | Noticed a water moccasin
   144 | D:4      | Noticed a phantom
   415 | D:1      | Discovered your monstrous ancestry.
   415 | D:1      | Gained mutation: You have a pair of small horns on your
                  | head. [demonic ancestry]
   415 | D:1      | Reached XP level 2. HP: 24/24 MP: 2/2
   485 | D:1      | Found Reuc's Weapon Emporium.
   717 | D:1      | Reached skill level 1 in Evocations
   917 | D:1      | Gained mutation: Your touch may inflict minor irresistible
                  | damage on your foes. [demonic ancestry]
   917 | D:1      | Reached XP level 3. HP: 29/29 MP: 3/3
  1127 | D:2      | Reached skill level 1 in Armour
  1127 | D:2      | Found Liss's General Store.
  1308 | D:2      | Found Plog's Distillery.
  1316 | D:2      | Bought a potion of curing for 33 gold pieces
  1343 | D:2      | Reached skill level 1 in Throwing
  1545 | D:2      | Found Hamatam's Assorted Antiques.
  1554 | D:2      | Bought a lumpy dark potion for 24 gold pieces
  1554 | D:2      | Bought an orange potion for 24 gold pieces
  1554 | D:2      | Bought a scroll labelled JEVIWEONON for 27 gold pieces
  1566 | D:2      | Found Forghul's Distillery.
  1572 | D:2      | Bought 2 potions of degeneration for 24 gold pieces
  1755 | D:2      | Gained mutation: You have a pair of horns on your head.
                  | [demonic ancestry]
  1755 | D:2      | Reached XP level 4. HP: 32/35 MP: 4/4
  1777 | D:2      | Found a faded altar of an unknown god.
  1825 | D:2      | Found Reuse's Distillery.
  2095 | D:3      | Found a basalt altar of Yredelemnul.
  2097 | D:3      | Found a radiant altar of Vehumet.
  2367 | D:3      | Found a hide-covered altar of Uskayaw.
  2423 | D:3      | Noticed Grinder
  2438 | D:3      | Paralysed by Grinder for 4 turns
  2456 | D:3      | Killed Grinder
  2457 | D:3      | Reached skill level 4 in Fighting
  2457 | D:3      | Reached skill level 1 in Axes
  2457 | D:3      | Gained mutation: You sometimes gain a little power by
                  | taking damage. [demonic ancestry]
  2457 | D:3      | Reached XP level 5. HP: 18/42 MP: 5/5
  2457 | D:3      | Reached XP level 6. HP: 21/48 MP: 6/6
  3173 | D:4      | Reached XP level 7. HP: 55/55 MP: 7/7
  3741 | D:4      | Found a sacrificial altar of Ru.
  3878 | D:4      | Found a staircase to the Ecumenical Temple.
  3887 | Temple   | Entered the Ecumenical Temple
  4094 | D:5      | Found a hazy altar of Hepliaklqana.
  4307 | D:5      | Reached skill level 5 in Fighting
  4307 | D:5      | Reached XP level 8. HP: 62/62 MP: 8/8
  4750 | D:5      | Found an iron altar of Okawaru.
  4932 | D:5      | Became a worshipper of Hepliaklqana the Forgotten
  5022 | D:2      | Bought 2 inky potions for 48 gold pieces
  5022 | D:2      | Bought 2 blue potions for 48 gold pieces
  5204 | D:6      | Found a sparkling altar of Nemelex Xobeh.
  5302 | D:6      | Noticed Sigmund
  5458 | D:6      | Killed Sigmund
  5459 | D:6      | Reached XP level 9. HP: 69/69 MP: 9/9
  5519 | D:6      | Found a stormy altar of Qazlal.
  5661 | D:7      | Reached * piety under Hepliaklqana
  5681 | D:7      | Killed an unseen horror
  5689 | D:7      | Noticed Maggie
  5707 | D:7      | Killed Maggie
  5708 | D:7      | Reached skill level 6 in Fighting
  5708 | D:7      | Reached skill level 5 in Dodging
  5763 | D:7      | Reached skill level 5 in Evocations
  5938 | D:7      | Found a shadowy altar of Dithmenos.
  6605 | D:8      | Reached ** piety under Hepliaklqana
  6606 | D:8      | Remembered your ancestor Æðelind as a hexer
  6767 | D:8      | Reached skill level 1 in Invocations
  6853 | D:8      | Found an opulent altar of Gozag.
  7328 | D:9      | Noticed a two-headed ogre
  7341 | D:9      | Killed a two-headed ogre
  7342 | D:9      | Reached skill level 5 in Throwing
  7342 | D:9      | Reached skill level 5 in Armour
  7342 | D:9      | Gained mutation: You have large cloven feet. [demonic
                  | ancestry]
  7342 | D:9      | Reached XP level 10. HP: 35/69 MP: 10/12
  7546 | D:9      | Found a staircase to the Orcish Mines.
  7715 | D:9      | Paralysed by a hornet for 1 turns
  7721 | D:9      | Reached skill level 5 in Axes
  7788 | D:9      | Noticed a two-headed ogre
  7795 | D:9      | Killed a two-headed ogre
  7796 | D:9      | Reached skill level 7 in Fighting
  7851 | D:9      | Slain by a wight

Illustrated notes

Levels and vault maps discovered:
D:1:      amcnicky_arrival_blooded_trapdoor, layout_loops_cross, serial_shops,
          nicolae_shop_bloodbath_and_beyond
D:2:      minmay_roachtagon, layout_loops_corners,
          shapermc_ecumenical_altar_petra, serial_shops, shop, shop_fountains,
          shop, shop, nicolae_shop_crystal
D:3:      layout_basic, lemuel_tele_altar,
          chequers_temple_overflow_statue_of_worship, feat_on_display,
          uniq_grinder
D:4:      layout_gridville, nicolae_ru_path_of_blood, lemuel_temple_firewalk_a
D:5:      layout_cave_pools, mainiacjoe_overflow_six_doors_small,
          mainiacjoe_overflow_chevrons
D:6:      layout_rooms, kennysheep_mini_moat, nicolae_qazlal_scattered_showers,
          uniq_sigmund
D:7:      layout_basic, mainiacjoe_overflow_catwalk, uniq_maggie
D:8:      layout_basic, mainiacjoe_overflow_paths, mainiacjoe_overflow_brackets,
          nzn_life_drinkers
D:9:      layout_roguey, hiddenorc2_lemuel, roderic_nine_men_s_morris
Temple:   nicolae_temple_superstar

Skill      XL: |  1  2  3  4  5  6  7  8  9 10 |
---------------+-------------------------------+-----
Dodging        | 2 3 4 5 6 |  6.0
Evocations     | 1 2 3 4 5 6 |  6.1
Armour         | 1 2 3 4 5 |  5.6
Throwing       | 1 2 3 4 5 |  5.5
Fighting       | 4 5 6 7 |  7.1
Axes           | 1 2 3 4 5 |  5.2
Invocations    | 3 4 |  4.4
Polearms       | |  1.7
Stealth        | |  4.5

Action                   |  1- 3 |  4- 6 |  7- 9 | 10-12 || total
-------------------------+-------+-------+-------+-------++-------
Melee: Spear             |    95 |       |       |       ||    95
       Headbutt          |     7 |     7 |    34 |    12 ||    60
       Quarterstaff      |    49 |    25 |       |       ||    74
       Touch             |     2 |     3 |    36 |     6 ||    47
       War axe           |       |    23 |   171 |    34 ||   228
       Punch             |       |       |     4 |       ||     4
       Glaive            |       |       |       |    45 ||    45
       Kick              |       |       |       |    17 ||    17
Throw: Dart              |     1 |    25 |    34 |       ||    60
Invok: Ancestor Life: He |       |       |     1 |       ||     1
       Ancestor Identity |       |       |     1 |       ||     1
Evoke: Wand              |       |       |     6 |       ||     6
 Stab: Sleeping          |    14 |     4 |     2 |       ||    20
       Distracted        |     1 |       |     2 |     1 ||     4
       Confused          |       |       |     1 |     2 ||     3
Armor: Leather armour    |    18 |       |       |       ||    18
       Ring mail         |    24 |    13 |    77 |       ||   114
       Steam dragon scal |       |       |    15 |       ||    15
       Scale mail        |       |       |     7 |    28 ||    35
Dodge: Dodged            |    71 |    21 |   151 |    44 ||   287
Block: Other             |     7 |     7 |    13 |       ||    27

Table legend: (Time is in decaauts)
 A = Elapsed time spent in this place.
 B = Non-inter-level travel time spent in this place.
 C = Inter-level travel time spent in this place.
 D = Time resting spent in this place.
 E = Time spent auto-exploring this place.
 F = Levels seen in this place.
 G = Mean time per level.
                   A        B        C        D        E       F      G
               +--------+--------+--------+--------+--------+-----+--------+
         Total |   7975 |   7478 |    497 |    384 |   5482 |  10 |  797.5 |
       Dungeon |   7871 |   7390 |    481 |    384 |   5402 |   9 |  874.6 |
        Temple |    104 |     88 |     16 |      0 |     80 |   1 |  104.0 |
               +--------+--------+--------+--------+--------+-----+--------+

Top non-repeatable levels by time:
     D:4: 1282 daAuts
     D:2: 1066 daAuts
     D:3: 1034 daAuts
     D:5: 931 daAuts
     D:7: 902 daAuts
     D:8: 802 daAuts
     D:1: 801 daAuts
     D:9: 537 daAuts
     D:6: 513 daAuts
  Temple: 104 daAuts
